 Dungeon Crawl Stone Soup version 0.26.1-16-g4e020e15dc (webtiles) character file.

Game seed: 16761550516789583064

14 Froggeryz the Ruffian (level 2, 0/23 HPs)
             Began as a Draconian Transmuter on Mar 8, 2024.
             Slain by a jackal (1 damage)
             ... on level 1 of the Dungeon.
             The game lasted 00:00:32 (316 turns).

Froggeryz the Ruffian (Draconian Transmuter)         Turns: 316, Time: 00:00:33

Health: 0/23       AC:  4    Str: 12    XL:     2   Next: 27%
Magic:  4/5        EV: 12    Int: 13    God:
Gold:   14         SH:  0    Dex: 11    Spells: 4/5 levels left

rFire    . . .     SeeInvis .     - Unarmed
rCold    . . .     Faith    .   (no shield)
rNeg     . . .     Spirit   .   (armour unavailable)
rPois    +         Reflect  .   (helmet currently unavailable)
rElec    .         Harm     .   (no cloak)
rCorr    .         Rampage  .   (no gloves)
Will     .....                  (boots currently unavailable)
Stlth    +.........             (no amulet)
HPRegen  0.07/turn              b - ring of poison resistance
MPRegen  0.09/turn              (no ring)

@: appendages, very slightly contaminated, invisible
A: unfitting armour, horns 2, talons 2, cold-blooded, AC +4
a: End Transformation


You were on level 1 of the Dungeon.
You had grown temporary horns.
You had grown temporary talons.
You visited 1 branch of the dungeon, and saw 1 of its levels.

You collected 14 gold pieces.

Inventory:

Jewellery
 b - a ring of poison resistance (left hand)


   Skills:
 - Level 1.1 Fighting
 - Level 1.7 Dodging
 * Level 3.7 Unarmed Combat
 - Level 2.0 Spellcasting
 - Level 2.0 Transmutations


You had 4 spell levels left.
You knew the following spells:

 Your Spells              Type           Power        Failure   Level
a - Beastly Appendage     Tmut           12%          11%         1

Your spell library contained the following spells:

 Spells                   Type           Power        Failure   Level
 Wereblood                Tmut           6%           17%         2
 Spider Form              Tmut/Pois      1%           45%         3
 Ice Form                 Ice/Tmut       3%           86%         4
 Blade Hands              Tmut           3%           97%         5


Dungeon Overview and Level Annotations

Branches:
Dungeon (1/15)

Altars:


Innate Abilities, Weirdness & Mutations

Your plain brown scales are hard. (AC +4)
You cannot fit into any form of body armour.
You are cold-blooded and may be slowed by cold attacks.
You have a pair of horns on your head.
You have razor-sharp toenails.


Message History

The jackal bites you.
* * * LOW HITPOINT WARNING * * *
The jackal bites you.
* * * LOW HITPOINT WARNING * * *
The kobold closely misses you.
You closely miss the jackal. The jackal closely misses you. x2
The jackal bites you.
* * * LOW HITPOINT WARNING * * *
The kobold barely misses you.
You barely miss the jackal.
Your tail-slap misses the jackal.
The jackal closely misses you. x2
The jackal bites you but does no damage.
Casting: Beastly Appendage (safe; 11% risk of failure)
Confirm with . or Enter, or press ? or * to list all spells.
You grow a pair of large bovine horns.
Your feet morph into talons.
The jackal bites you.
* * * LOW HITPOINT WARNING * * *
The kobold closely misses you. The jackal closely misses you.
The jackal barely misses you. The jackal bites you.
You die...

....# ##................
#...#####..†...###......!
.. #............###
...... ...#...........##
..... ..............##
.... #...hh(...# ...
#...hh(...# ########h.#
#....@hg# #....hK.#
#.......# #...[...#
#.......# #.......#
#.......# #.......#
#.......#


You could see 3 jackals, a goblin and a kobold.

Vanquished Creatures
  A giant cockroach (D:1)
  A goblin (D:1)
  A hobgoblin (D:1)
  4 jackals (D:1)
  A kobold (D:1)
  A frilled lizard (D:1)
  3 rats (D:1)
12 creatures vanquished.

Notes
Turn   | Place    | Note
-------+----------+-------------------------------------------
     0 | D:1      | Froggeryz the Draconian Transmuter began the quest for the
                  | Orb.
     0 | D:1      | Reached XP level 1. HP: 16/16 MP: 3/3
   283 | D:1      | Reached XP level 2. HP: 21/23 MP: 5/5
   316 | D:1      | HP: 1/23 [jackal (3)]
   316 | D:1      | Slain by a jackal

Illustrated notes

Levels and vault maps discovered:
D:1:      amcnicky_arrival_feature_with_door, layout_rooms, glass_columns_a,
          minmay_curled_crystal, minmay_3d_cube

Action                   || total
-------------------------++-------
Melee: Unarmed           ||    51
       Tailslap          ||     4
       Punch             ||     1
 Cast: Beastly Appendage ||     2
  Use: Scroll            ||     1
       Potion            ||     1
 Stab: Invisible         ||     3
Armor: Skin              ||    30
Dodge: Dodged            ||    80
